 Dungeon Crawl Stone Soup version 0.26-a0-466-g989023bd0d (webtiles) character file.

Game seed: 18400536994785227048

3804 vurker the Cleaver (level 9, -8/76 HPs)
             Began as a Minotaur Monk on Aug 12, 2020.
             Was a Priest of Hepliaklqana.
             Mangled by a merfolk siren
             ... wielding a +0 spear
             ... summoned by a worldbinder
              (15 damage)
             ... on level 1 of the Abyss.
             The game lasted 00:12:27 (8442 turns).

vurker the Cleaver (Minotaur Monk)                  Turns: 8442, Time: 00:12:28

Health: -8/76      AC:  6    Str: 20    XL:     9   Next: 96%
Magic:  3/3        EV: 12    Int:  7    God:    Hepliaklqana [***...]
Gold:   806        SH:  4    Dex: 12    Spells: 8/8 levels left

rFire    . . .     SeeInvis .   h - +1 hand axe (antimagic)
rCold    . . .     Faith    .   a - +0 buckler
rNeg     . . .     Spirit   .   s - +1 leather armour of the World {MR+ rCorr Stlth-}
rPois    .         Reflect  .   (helmet restricted)
rElec    .         Harm     .   z - +1 cloak
rCorr    +                      (no gloves)
MR       +....                  (no boots)
Stlth    ..........             (no amulet)
HPRegen  0.22/turn              (no ring)
MPRegen  0.08/turn              (no ring)

@: about to teleport, mesmerised
A: retaliatory headbutt, reduced essence, horns 2
a: Recall Ancestor, Ancestor Identity, Transference, Renounce Religion


You were on level 1 of the Abyss.
You worshipped Hepliaklqana.
Hepliaklqana was most pleased with you.
You visited 1 branch of the dungeon, and saw 8 of its levels.
You visited the Abyss 1 time.

You collected 806 gold pieces.

Inventory:

Hand Weapons
 h - a +1 antimagic hand axe (weapon)
   (You took it off an orc on level 7 of the Dungeon)
Missiles
 v - 4 throwing nets (quivered)
Armour
 a - a +0 buckler (worn)
   (You found it on level 7 of the Dungeon)
 s - the +1 leather armour of the World (worn) {MR+ rCorr Stlth-}
   (You found it on level 6 of the Dungeon)

   It affects your resistance to hostile enchantments.
   It provides partial protection from all sources of acid and corrosion.
   It makes you less stealthy.
 z - a +1 cloak (worn)
   (You took it off Crazy Yiuf on level 7 of the Dungeon)
Wands
 x - a wand of acid (32)
   (You found it on level 6 of the Dungeon)
Scrolls
 c - 6 scrolls of remove curse
 g - 4 scrolls of teleportation
 k - 2 scrolls of enchant armour
 l - a scroll of immolation
 m - a scroll of blinking
Potions
 b - 3 potions of curing
 d - a potion of invisibility
 f - 3 potions of heal wounds
 i - a potion of resistance
 j - a potion of cancellation
 o - a potion of ambrosia
 p - a potion of haste {unknown}
 r - a potion of lignification
 t - 2 potions of mutation


   Skills:
 + Level 9.8 Fighting
 * Level 13.0 Axes
 - Level 3.2 Dodging
 - Level 1.5 Stealth
 + Level 3.4 Shields
 + Level 4.0 Invocations


You had 8 spell levels left.
You didn't know any spells.
Your spell library contained the following spells:

 Spells                   Type           Power        Failure   Level
 Sting                    Tmut/Pois      #...         52%         1
 Poisonous Vapours        Pois/Air       #.....       65%         2
 Ignite Poison            Fire/Tmut/Pois #.......     87%         3
 Mephitic Cloud           Conj/Pois/Air  #.......     87%         3
 Olgreb's Toxic Radiance  Pois           #.......     99%         4


Dungeon Overview and Level Annotations

Branches:
Dungeon (8/15)             Temple (0/1) D:6
   Lair: D:8-11

Altars:
Elyvilon
Hepliaklqana
Kikubaaqudgha
Nemelex Xobeh
Okawaru
Qazlal
Vehumet
Xom
Yredelemnul
Zin
Beogh

Annotations:
D:7 3 runed translucent doors, SatoMori's ghost, novice GnCj
D:8 Psyche


Innate Abilities, Weirdness & Mutations

You reflexively headbutt those who attack you in melee.
You have a pair of horns on your head.
Your life essence is reduced to manifest your ancestor. (-10% HP)


Message History

You are mesmerised by the merfolk siren!
As you read the scroll of teleportation, it crumbles to dust.
You feel strangely unstable.
You feel the power of the Abyss delaying your translocation!
The worldbinder hits you.
* * * LOW HITPOINT WARNING * * *
The worldbinder closely misses you.
The merfolk siren chants its luring song.
You cannot move away from the merfolk siren!
You cannot move away from the merfolk siren!
Unknown command.
You cannot move away from the merfolk siren!
You cannot move away from the merfolk siren!
You hit the worldbinder but do no damage.
You headbutt the worldbinder. The worldbinder hits you.
* * * LOW HITPOINT WARNING * * *
The worldbinder completely misses you.
The merfolk siren hits you from afar with a +0 spear!
* * * LOW HITPOINT WARNING * * *
You barely miss the worldbinder.
You headbutt the worldbinder, but do no damage.
The worldbinder hits you.
* * * LOW HITPOINT WARNING * * *
The worldbinder barely misses you.
The merfolk siren chants its luring song.
The merfolk siren chants a haunting song.
You hit the worldbinder but do no damage.
The worldbinder barely misses you. You furiously retaliate!
You headbutt the worldbinder. The worldbinder hits you.
* * * LOW HITPOINT WARNING * * *
The merfolk siren chants its luring song.
You hit the worldbinder but do no damage.
The manticore disappears in a puff of smoke!
The worldbinder barely misses you. x2
The merfolk siren chants its luring song.
You hit the worldbinder but do no damage.
You headbutt the worldbinder, but do no damage.
The worldbinder hits you.
* * * LOW HITPOINT WARNING * * *
The worldbinder hits you.
* * * LOW HITPOINT WARNING * * *
The merfolk siren chants its luring song. x2
You slash the worldbinder!
The worldbinder's magic leaks into the air.
The worldbinder calls forth creatures from the Shoals!
The merfolk siren chants its luring song.
You closely miss the wind drake. You headbutt the wind drake.
You hit the worldbinder but do no damage.
The merfolk siren hits you from afar with a +0 spear!
You die...

###.# #......#
#.####.## #.
....## #### .. #
## # . # #
.##..###
#...######........
#..k@xmm# .....
###.###ยง...... ##
#...#.. . .... ###
..## ## .## ..


You could see a wind drake (summoned, repels missiles), 2 merfolk sirens and a
worldbinder.

Vanquished Creatures
  Harold (D:7)
  Sigmund (D:2)
  4 ice beasts
  A sky beast (D:7)
  A phantom (D:7)
  A black bear (D:6)
  A necrophage (D:8)
  4 ogres
  3 centaurs
  Blork the orc (D:4)
  A big kobold (D:8)
  A bullfrog (D:6)
  A scorpion (D:4)
  4 howler monkeys (D:4)
  2 vampire bats (D:7)
  3 hounds
  Crazy Yiuf (D:7)
  2 centaur skeletons
  Natasha (thrice) (D:2)
  5 orc wizards
  10 worker ants
  A killer bee zombie (D:6)
  A hound zombie (D:5)
  Robin (D:2)
  A worker ant zombie (D:5)
  4 gnolls (D:4)
  14 adders
  2 shadow imps
  An ufetubus (D:6)
  3 adder skeletons (D:4)
  2 dart slugs
  6 leopard geckos
  27 orcs
  5 bats
  4 bat skeletons (D:7)
  3 bat zombies (D:7)
  4 giant cockroaches
  18 goblins
  13 hobgoblins
  15 jackals
  15 kobolds
  3 quokkas
  2 ball pythons
  4 frilled lizards
  11 rats
211 creatures vanquished.

Vanquished Creatures (collateral kills)
  A centaur (D:6)
  A worker ant (D:7)
  An adder (D:6)
  An orc (D:7)
4 creatures vanquished.

Grand Total: 215 creatures vanquished

Notes
Turn   | Place    | Note
-------+----------+-------------------------------------------
     0 | D:1      | vurker the Minotaur Monk began the quest for the Orb.
     0 | D:1      | Reached XP level 1. HP: 19/19 MP: 0/0
   120 | D:1      | Reached skill level 4 in Axes
   205 | D:1      | Reached XP level 2. HP: 27/27 MP: 1/1
   667 | D:1      | Reached XP level 3. HP: 31/33 MP: 2/2
   845 | D:2      | Noticed Natasha
   846 | D:2      | Noticed Robin
   857 | D:2      | Killed Robin
   857 | D:2      | Reached skill level 5 in Axes
  1048 | D:2      | Killed Natasha
  1048 | D:2      | Reached XP level 4. HP: 34/41 MP: 3/3
  1145 | D:2      | You fall into a shaft and drop 1 floor!
  1331 | D:3      | Reached skill level 6 in Axes
  1507 | D:2      | Reached XP level 5. HP: 40/47 MP: 4/4
  1588 | D:2      | Noticed Sigmund
  1596 | D:2      | Killed Sigmund
  1596 | D:2      | Reached skill level 5 in Fighting
  1596 | D:2      | Reached skill level 7 in Axes
  1596 | D:2      | Reached XP level 6. HP: 50/56 MP: 5/5
  1687 | D:2      | Noticed Natasha
  1703 | D:2      | Killed Natasha
  1954 | D:2      | Noticed Natasha
  1959 | D:2      | Killed Natasha
  2068 | D:2      | Noticed an ice beast
  2090 | D:2      | Killed an ice beast
  2090 | D:2      | Reached skill level 8 in Axes
  2310 | D:2      | Found a glowing silver altar of Zin.
  2738 | D:4      | Got a scorched hunting sling
  2746 | D:4      | Reached XP level 7. HP: 63/63 MP: 6/6
  3410 | D:4      | Reached skill level 9 in Axes
  3763 | D:4      | Reached XP level 8. HP: 34/73 MP: 7/7
  3773 | D:4      | Noticed Blork the orc
  3787 | D:4      | Killed Blork the orc
  3787 | D:4      | Reached skill level 10 in Axes
  4417 | D:4      | Identified the +10 falchion of Mayhem {freeze, *Rage +Fly
                  | rF+ Dex+4}
  4483 | D:4      | Found an iron altar of Okawaru.
  4663 | D:5      | Entered Level 5 of the Dungeon
  4936 | D:5      | Found a white marble altar of Elyvilon.
  4979 | D:5      | Found a stormy altar of Qazlal.
  4987 | D:5      | Reached skill level 11 in Axes
  5507 | D:5      | Found a shimmering altar of Xom.
  5508 | D:5      | Found a hazy altar of Hepliaklqana.
  5509 | D:5      | Noticed a spectral ugly thing
  5671 | D:5      | Became a worshipper of Hepliaklqana the Forgotten
  5671 | D:5      | Reached * piety under Hepliaklqana
  5671 | D:5      | Reached ** piety under Hepliaklqana
  5712 | D:6      | Found a sparkling altar of Nemelex Xobeh.
  5748 | D:6      | Got a masterwork quarterstaff
  5749 | D:6      | Identified the +10 quarterstaff "Pyicur" {protect, rF+}
                  | (You found it on level 6 of the Dungeon)
  5769 | D:6      | Reached skill level 1 in Invocations
  5949 | D:6      | Found a staircase to the Ecumenical Temple.
  6033 | D:6      | Reached XP level 9. HP: 48/73 MP: 7/9
  6319 | D:6      | Got a masterwork leather armour
  6323 | D:6      | Found a radiant altar of Vehumet.
  6643 | D:7      | Reached *** piety under Hepliaklqana
  6672 | D:7      | Reached skill level 12 in Axes
  6717 | D:7      | Found a basalt altar of Yredelemnul.
  6849 | D:7      | Identified the +1 leather armour of the World {MR+ rCorr
                  | Stlth-} (You found it on level 6 of the Dungeon)
  6933 | D:7      | Found a runed translucent gate.
  6933 | D:7      | Found a runed translucent gate.
  6934 | D:7      | Noticed SatoMori's ghost (novice GnCj)
  7243 | D:7      | Reached skill level 1 in Shields
  7312 | D:7      | Noticed Harold
  7331 | D:7      | Killed Harold
  7664 | D:7      | Remembered your ancestor Tiberius as a battlemage
  7672 | D:7      | Found an ancient bone altar of Kikubaaqudgha.
  7908 | D:7      | Found a runed translucent gate.
  7910 | D:7      | Identified the +8 spear "Zuzog" {flame, rElec rC- Str+4
                  | Int-2 Dex+6}
  7910 | D:7      | Identified the cursed +1 chain mail of Yfa Ceu {Stlth+}
  7944 | D:7      | Found a runed translucent door.
  7945 | D:7      | Noticed Crazy Yiuf
  7973 | D:7      | Found a roughly hewn altar of Beogh.
  8024 | D:7      | Killed Crazy Yiuf
  8218 | D:8      | Reached skill level 13 in Axes
  8382 | D:8      | Noticed Psyche
  8394 | D:8      | Cast into level 1 of the Abyss (Psyche)
  8394 | Abyss:1  | Found a corrupted altar of Lugonu.
  8423 | Abyss:1  | Noticed a worldbinder
  8433 | Abyss:1  | Noticed a merfolk siren
  8433 | Abyss:1  | Noticed a merfolk siren
  8435 | Abyss:1  | Noticed a manticore
  8442 | Abyss:1  | Noticed a wind drake
  8442 | Abyss:1  | Mangled by a merfolk siren

Illustrated notes

Levels and vault maps discovered:
D:1:      dpeg_arrival_arbitrary_b, layout_loops_ring
D:2:      layout_rooms, lemuel_coloured_pillars_altar,
          kennysheep_generic_room_5, uniq_sigmund, uniq_robin, uniq_natasha
D:3:      layout_basic, feat_on_display
D:4:      minmay_polygon_palace, layout_cave_pools, okawaru_ov_weapons_minmay,
          uniq_blork_the_orc
D:5:      layout_loops_ring, regret_index_temple_of_mockery,
          nicolae_qazlal_eye_of_the_storm, overflow_temple_1_default,
          minmay_misc_feat_roman
D:6:      layout_cave_pools, kennysheep_mini_moat,
          nemelex_xobeh_ov_fountains_minmay, minmay_temple_entry_sparse_star,
          columned_hall_lemuel, minmay_between
D:7:      layout_loops_ring, kennysheep_vampire_church, kennysheep_mini,
          biasface_ghost_orc_armoury, nrook_loot_triangle,
          uniq_crazy_yiuf_cottage, uniq_harold
D:8:      layout_loops_corners, slow_altar_2, enter_bailey_3,
          kennysheep_generic_room_6, uniq_psyche
Abyss:1:  base:
D:2

Skill      XL: |  1  2  3  4  5  6  7  8  9 |
---------------+----------------------------+-----
Axes           | 4 5 6 7 8 9 11 13 | 13.0
Fighting       | 4 5 6 7 8 9 |  9.8
Invocations    | 1 4 |  4.0
Shields        | 3 |  3.4
Dodging        | |  3.2
Stealth        | |  1.5

Action                   |  1- 3 |  4- 6 |  7- 9 || total
-------------------------+-------+-------+-------++-------
Melee: Hand axe          |    80 |   125 |   382 ||   587
       Headbutt          |    11 |    19 |    86 ||   116
Throw: Throwing net      |       |       |     1 ||     1
Invok: Ancestor Life: Ba |       |       |     1 ||     1
  Use: Scroll            |       |     9 |    12 ||    21
 Stab: Sleeping          |     1 |       |     1 ||     2
       Distracted        |       |       |     1 ||     1
Armor: Robe              |     2 |       |       ||     2
       Ring mail         |    15 |    43 |    64 ||   122
       Leather armour    |       |       |    29 ||    29
Dodge: Dodged            |    51 |    87 |   194 ||   332
Block: Buckler           |       |       |    12 ||    12

Table legend: (Time is in decaauts)
 A = Elapsed time spent in this place.
 B = Non-inter-level travel time spent in this place.
 C = Inter-level travel time spent in this place.
 D = Time resting spent in this place.
 E = Time spent auto-exploring this place.
 F = Levels seen in this place.
 G = Mean time per level.
                   A        B        C        D        E       F      G
               +--------+--------+--------+--------+--------+-----+--------+
         Total |   8346 |   8092 |    254 |    153 |   6663 |   9 |  927.3 |
       Dungeon |   8302 |   8048 |    254 |    153 |   6663 |   8 | 1037.8 |
         Abyss |     44 |     44 |      0 |      0 |      0 |   1 |   44.0 |
               +--------+--------+--------+--------+--------+-----+--------+

Top non-repeatable levels by time:
     D:4: 1910 daAuts
     D:7: 1518 daAuts
     D:2: 1073 daAuts
     D:5: 1034 daAuts
     D:1: 1002 daAuts
     D:6: 840 daAuts
     D:3: 656 daAuts
     D:8: 266 daAuts
 Abyss:1: 44 daAuts
